 Dungeon Crawl Stone Soup version 0.17.0 (webtiles) character file.

295 Svalin the Chopper (level 6, -12/47 HPs)
             Began as a Formicid Fighter on Nov 18, 2015.
             Mangled by an ogre
             ... wielding a +0 giant spiked club
              (21 damage)
             ... on level 4 of the Dungeon.
             The game lasted 00:10:33 (4045 turns).

Svalin the Chopper (Formicid Fighter)               Turns: 4045, Time: 00:10:33

Health: -12/47     AC:  8    Str: 20    XL:     6   Next: 61%
Magic:  15/15      EV:  7    Int:  8    God:
Gold:   251        SH:  9    Dex: 14    Spells: 0 memorised, 5 levels left

rFire  . . .     SeeInvis +     a - +0 war axe
rCold  . . .     Clarity  .     b - +0 scale mail
rNeg   . . .     SustAt   .     c - +0 shield
rPois  .         Gourm    .     (helmet unavailable)
rElec  .         Spirit   .     k - +0 cloak
rCorr  .         Warding  .     (no gloves)
rMut   .         Stasis   +     (no boots)
MR     .....                    (no amulet)
Stlth  ..........               s - +2 ring of dexterity
                                j - ring of magical power

@: not resistant to hostile enchantments, extremely unstealthy
A: permanent stasis, dig shafts and tunnels, four strong arms, antennae 3
a: Dig, Shaft Self


You were on level 4 of the Dungeon.
You were not hungry.

You visited 1 branch of the dungeon, and saw 4 of its levels.

You collected 251 gold pieces.

Inventory:

Hand Weapons
 a - a +0 war axe (weapon)
Missiles
 o - 5 tomahawks (quivered)
Armour
 b - a +0 scale mail (worn)
 c - a +0 shield (worn)
 k - a +0 cloak (worn)
Jewellery
 j - a ring of magical power (left hand)
 s - a +2 ring of dexterity (right hand)
Scrolls
 m - 4 scrolls of identify
 q - 2 scrolls of recharging
 r - a scroll of remove curse
Potions
 d - a potion of might
 f - 5 potions of curing
 l - 2 potions of mutation {unknown}
 n - a potion of haste {unknown}
Comestibles
 e - 5 bread rations
 g - a chunk of flesh
 h - 5 meat rations
 i - 2 slices of pizza
 p - a beef jerky


   Skills:
 - Level 3.2 Fighting
 + Level 6.4 Axes
 - Level 3.3 Armour
 - Level 3.6 Shields


You had 5 spell levels left.
You didn't know any spells.

Dungeon Overview and Level Annotations

Branches:
Dungeon (4/15)
 Temple: D:4-7

Altars:


Innate Abilities, Weirdness & Mutations

You are under a permanent stasis effect.
You can dig through walls and to a lower floor.
Your four strong arms can wield two-handed weapons with a shield.
You have a pair of large antennae on your head (SInv).


Message History

You hit the ogre.
The ogre is moderately wounded.
The ogre barely misses you.
You hit the ogre.
The ogre is heavily wounded.
You block the ogre's attack.
You slash the ogre!
The ogre is almost dead.
The ogre hits you with a giant spiked club!
* * * LOW HITPOINT WARNING * * *
You barely miss the ogre.
The ogre is almost dead.
You barely miss the ogre.
The ogre is almost dead.
The ogre hits you with a giant spiked club.
* * * LOW HITPOINT WARNING * * *
You barely miss the ogre.
The ogre is almost dead.
The ogre hits you with a giant spiked club!!
You die...

#..# #.. ........... #.##
## #.########. #.# ####.#
## # ##.## ...#$########.
#.###..>###......>........
#.....#..........# ######.
####....###......# ##
#....####..[#.# ######
#....O@.......# #.....
##...########## #.####
##.## #.# #.# #.# #.# #.#
#.# ### #.# #.. ..# #.#
#)# #.# #.# ##.## #.# #)#


You could see an ogre.

Vanquished Creatures
  A scorpion (D:4)
  A hound (D:4)
  A hound zombie (D:4)
  A hound skeleton (D:4)
  Robin (D:3)
  9 adders
  3 oozes
  A worm (D:2)
  3 giant geckos
  4 orcs (D:4)
  6 bats
  9 hobgoblins
  3 jackals (D:2)
  5 kobolds
  A quokka (D:4)
  A ball python skeleton (D:4)
  4 giant newts
  17 goblins
  14 rats
85 creatures vanquished.

Notes
Turn   | Place    | Note
--------------------------------------------------------------
     0 | D:1      | Svalin the Formicid Fighter began the quest for the Orb.
     0 | D:1      | Reached XP level 1. HP: 18/18 MP: 1/1
   280 | D:1      | Reached XP level 2. HP: 24/24 MP: 2/2
   611 | D:1      | Reached XP level 3. HP: 24/29 MP: 3/3
  1271 | D:2      | Reached XP level 4. HP: 30/35 MP: 4/4
  1354 | D:2      | Reached skill level 4 in Axes
  2379 | D:3      | Noticed Robin
  2400 | D:3      | Reached XP level 5. HP: 37/41 MP: 5/5
  2428 | D:3      | Killed Robin
  2431 | D:3      | Reached skill level 5 in Axes
  2951 | D:4      | Reached XP level 6. HP: 47/47 MP: 6/6
  3350 | D:4      | Reached skill level 6 in Axes
  4045 | D:4      | Mangled by an ogre

Action                   |  1- 3 |  4- 6 || total
-------------------------+-------+-------++-------
Melee: War axe           |    77 |   241 ||   318
  Use: Scroll            |       |     6 ||     6
  Eat: Chunk             |     1 |     9 ||    10
